Map: Scalo orbitale

Players

Mørtebianca

  • Race: Zerg Zerg
  • League: Diamond

Poniat

  • Race: Zerg Zerg
  • League: Master

Jhyrachy

  • Race: Terran Terran
  • League: Silver

Lenin

  • Race: Terran Terran

VOD

Have the link to the VOD?

Description

Time

  • Played on: Dec. 3, 2015, 5:03 p.m.
  • Length: 6:53
Show
View Real Time Build Order
Export as new Build Order

Mørtebianca Zerg 

Build Orders: Hatch First 

Get SALT Encoding   

  12  0:01  Drone  
  13  0:08  Drone  
  14  0:17  Overlord  
  14  0:35  Drone x3  
  17  0:46  Drone  
  18  0:57  Hatchery  
  18  0:59  Drone  
  18  1:04  Extractor  
  17  1:16  Spawning Pool  
  16  1:20  Drone  
  16  1:22  Drone  
  18  1:29  Drone  
  19  1:39  Drone  
  20  1:50  Overlord  
  20  2:02  Drone  
  21  2:09  Hatchery  
  21  2:10  Metabolic Boost  
  21  2:15  Zergling x4  
  22  2:22  Queen  
  24  2:30  Queen  
  24  2:34  Drone  
  24  2:35  Drone  
  28  2:38  Drone  
  28  2:40  Drone  
  28  2:43  Drone  
  32  2:51  Drone  
  32  2:58  Queen  
  34  2:59  Overlord  
  34  3:02  Overlord  
  33  3:13  Drone x3  
  36  3:25  Queen  
  38  3:33  Zergling x8  
  38  3:34  Zergling x4  
  43  3:35  Zergling x4  
  46  3:45  Drone x5  
  46  3:46  Drone  
  52  3:52  Baneling Nest  
  52  3:53  Drone  
  49  4:21  Zergling x4  
  49  4:22  Zergling x4  
  52  4:26  Zergling x8  
  56  4:34  Zergling x4  
  58  4:53  Overlord x3  
  58  5:01  Overlord  
  58  5:02  Hatchery, Drone  
  58  5:03  Baneling x3  
  58  5:04  Baneling x5, Overlord  
  58  5:05  Extractor, Overlord  
  58  5:06  Extractor  
  56  5:07  Zergling x2  
  56  5:08  Zergling x2  
  56  5:09  Overlord  
  56  5:13  Drone x3, Extractor  
  60  5:15  Drone x2  
  62  5:35  Zergling x12  
  59  5:36  Zergling x6  
  59  5:39  Spore Crawler  
  59  5:41  Lair  
  64  5:42  Drone  
  64  5:43  Drone x2  
  64  5:44  Drone  
  64  5:51  Drone x2  
  64  5:52  Drone  
  64  5:53  Drone  
  64  5:54  Drone x2  
  64  5:57  Drone  
  71  6:01  Zergling x8  
  72  6:16  Drone x3, Roach Warren  
  73  6:18  Evolution Chamber  
  73  6:19  Evolution Chamber  
  70  6:28  Drone x7  
  70  6:29  Drone  
  70  6:31  Drone  
Show
View Real Time Build Order
Export as new Build Order

Poniat Zerg 

Build Orders:  

Get SALT Encoding   

  12  0:01  SCV  
  13  0:13  SCV  
  14  0:23  Supply Depot  
  14  0:26  SCV  
  15  0:44  SCV  
  15  0:46  Barracks  
  16  0:57  Refinery, SCV  
  17  1:09  SCV  
  18  1:33  Orbital Command  
  18  1:44  Command Center  
  18  1:47  Barracks Reactor  
  18  1:52  Supply Depot  
  18  1:59  SCV  
  19  2:11  SCV  
  20  2:23  Reaper x2, SCV  
  23  2:36  SCV  
  24  2:41  Command Center  
  24  2:48  SCV  
  25  2:55  Orbital Command, Reaper  
  26  2:59  Reaper  
  26  3:00  SCV  
  26  3:05  Barracks  
  28  3:10  Refinery, Barracks  
  28  3:20  SCV  
  28  3:23  SCV  
  30  3:27  Reaper  
  30  3:32  SCV  
  32  3:35  SCV  
  32  3:36  Reaper  
  34  3:42  Engineering Bay  
  34  3:44  SCV  
  34  3:47  SCV  
  36  3:53  Engineering Bay  
  36  3:56  SCV  
  36  4:00  Barracks Tech Lab  
  36  4:02  Barracks Reactor  
  37  4:05  Marine  
  37  4:06  SCV  
  37  4:09  Orbital Command  
  38  4:12  SCV  
  38  4:16  Marine  
  39  4:18  SCV  
  39  4:19  Marine, Stimpack  
  39  4:24  SCV  
  42  4:27  Refinery  
  42  4:28  Refinery  
  42  4:29  Marine  
  42  4:30  SCV  
  42  4:31  Terran Infantry Weapons Level 1  
  42  4:36  SCV  
  42  4:39  Marine x2, SCV  
  42  4:40  Marine  
  42  4:42  SCV  
  42  4:43  Marine, Supply Depot  
  48  4:48  SCV  
  49  4:53  Terran Infantry Armor Level 1, SCV  
  49  4:54  SCV  
  49  4:56  Marine  
  49  4:57  Marine  
  53  5:00  SCV  
  53  5:02  Marine x2  
  53  5:06  Supply Depot  
  56  5:07  SCV  
  56  5:08  SCV, Factory  
  56  5:10  Marine  
  56  5:12  SCV  
  60  5:16  Marine  
  60  5:19  Marine, SCV  
  63  5:25  Barracks  
  62  5:29  Marine  
  57  5:36  Marine x2, SCV  
  57  5:42  Marine  
  55  5:45  Orbital Command  
  55  5:47  Marine  
  53  5:50  Bunker  
  53  5:51  SCV  
  53  5:53  Bunker, Widow Mine  
  53  5:54  Marine  
  53  5:55  Marine  
  58  5:59  SCV  
  58  6:00  Marine  
  52  6:05  Marine  
  51  6:12  Barracks  
  51  6:13  Marine x2  
  51  6:14  SCV  
  51  6:18  Marine, SCV  
  48  6:23  Marine  
  48  6:25  SCV  
  47  6:31  Marine x2  
Show
View Real Time Build Order
Export as new Build Order

Jhyrachy Terran 

Build Orders:  

Get SALT Encoding   

Show
View Real Time Build Order
Export as new Build Order

Lenin Terran 

Build Orders:  

Get SALT Encoding   

Tags
 
Add a new tag
Caveats
  • Supply blocks, unpowered buildings, or Contaminate may cause inaccurate times.
  • Supply counts are checked every 10 seconds.